 Dungeon Crawl Stone Soup version 0.31-a0-89-g637a80eef8 (webtiles) character file.

Game seed: 214275644930925471

25 Colgate the Grave Robber (level 3, -2/26 HPs)
             Began as a Meteoran Necromancer on May 25, 2023.
             Slain by an orc
             ... wielding a +2 hand axe of flaming
              (6 damage)
             ... on level 3 of the Dungeon.
             The game lasted 00:03:48 (191 turns).

Colgate the Grave Robber (Meteoran Necromancer)      Turns: 191, Time: 00:03:48

Health: -2/26      AC:  2    Str:  9    XL:     3   Next: 35%
Magic:  0/8        EV: 12    Int: 18    God:
Gold:   59         SH:  0    Dex: 15    Spells: 7/8 levels left

rFire   . . .        e - +0 hand axe
rCold   . . .        (no shield)
rNeg    . . .        a - +0 robe
rPois   .            (no helmet)
rElec   .            (no cloak)
rCorr   .            (no gloves)
SInv    .            (no boots)
Will    .....        (no amulet)
Stlth   +            (no ring)
HPRegen 0.24/turn    (no ring)
MPRegen 0.11/turn

%: no passive effects
@: glowing
A: sense surroundings 1, otherworldly, glowing, explore regen
a: no special abilities


You were on level 3 of the Dungeon.
You visited 1 branch of the dungeon, and saw 3 of its levels.

You collected 59 gold pieces.

Inventory:

Hand Weapons
 e - a +0 hand axe (weapon)
Armour
 a - a +0 robe (worn)
Scrolls
 d - a scroll of enchant weapon {unknown}
Potions
 b - a potion of magic
 c - 2 potions of heal wounds {unknown}


   Skills:
 - Level 2.4 Dodging
 - Level 1.4 Stealth
 + Level 3.4 Spellcasting
 - Level 5.0 Necromancy


You had 7 spell levels left.
You knew the following spells:

 Your Spells              Type           Power      Damage    Failure   Level
a - Necrotise             Necr           84%        1d8       1%          1

Your spell library contained the following spells:

 Spells                   Type           Power      Damage    Failure   Level
 Vampiric Draining        Necr           21%        2d7       6%          3
 Animate Dead             Necr           21%        N/A       21%         4
 Vhi's Electric Charge    Tloc/Air       2%         N/A       50%         3
 Agony                    Necr           21%        N/A       50%         5
 Arcjolt                  Conj/Air       0%         1d10      99%         5
 Maxwell's Capacitive Co  Air            1%         ∞         100%        8


Dungeon Overview and Level Annotations

Branches:
Dungeon (3/15) Zot: 1607

Altars:

Annotations:
D:2 Jessica


Innate Abilities, Weirdness & Mutations

You passively map a small area around you.
You are easily found by Zot.
You glow in the dark.
You regain HP and MP as you explore.


Message History

Unknown command.
An orc comes into view.
It is wielding a +2 hand axe of flaming.
Found a fizzy red potion.
Your orc skeleton hits the worm.
Aiming: Necrotise (safe; 1% risk of failure)
Aim: a worm (severely wounded, ally target, chance to affect: 85%)
Okay, then.
Your orc skeleton hits the worm.
You see here a +0 robe.
Aiming: Necrotise (safe; 1% risk of failure)
Aim: a worm (severely wounded, ally target, chance to affect: 85%)
The worm writhes in agony.
Aiming: Necrotise (safe; 1% risk of failure)
Aim: a worm (severely wounded, ally target, chance to affect: 85%)
The worm writhes in agony.
Your orc skeleton crumbles into dust!
Aiming: Necrotise (safe; 1% risk of failure)
Aim: a worm (almost dead, chance to affect: 85%)
You miscast Necrotise.
You are very lightly contaminated with residual magic.
Nothing appears to happen.
The worm bites you.
* * * LOW HITPOINT WARNING * * *
Aiming: Necrotise (safe; 1% risk of failure)
Aim: a worm (almost dead, chance to affect: 85%)
The worm writhes in agony!
You kill the worm!
Aiming: Necrotise (safe; 1% risk of failure)
Aim: an orc, wielding a +2 hand axe of flaming and wearing a +0 chain mail (chance to affect: 90%)
The orc writhes in agony.
The orc barely misses you.
You hit the orc but do no damage. The orc barely misses you.
You hit the orc but do no damage.
The orc hits you with a +2 hand axe of flaming.
* * * LOW HITPOINT WARNING * * *
The orc burns you.
* * * LOW HITPOINT WARNING * * *
Your magical contamination has completely faded away.
You hit the orc but do no damage.
The orc hits you with a +2 hand axe of flaming.
You die...

* #........# , * ,
#.......# * . #.......# #
* !. , ##*.#......####...
.. *,*...#...........# , ,
##.*## ##.###[....######
.!.#. #.#...........).. #
* #..##.###.........##.
#...####o@=#..#........###
* #...[###..##........#
,####.#,#.##..######## , ,
,.#.|.#....# ,####.##.####
**, ..##..# ,, ..!...^# *,
#.......# .........#


You could see an orc.

Vanquished Creatures
  An adder (D:2)
  A worm (D:3)
  An orc (D:3)
  A ball python (D:1)
  A giant cockroach (D:1)
  2 bats (D:3)
  A frilled lizard (D:2)
  3 rats
11 creatures vanquished.

Vanquished Creatures (collateral kills)
  An endoplasm (D:3)
  A goblin (D:3)
2 creatures vanquished.

Grand Total: 13 creatures vanquished

Notes
Turn   | Place    | Note
-------+----------+-------------------------------------------
     0 | D:1      | Colgate the Meteoran Necromancer began the quest for the
                  | Orb.
     0 | D:1      | Reached XP level 1. HP: 14/14 MP: 5/5
    73 | D:2      | Reached XP level 2. HP: 20/20 MP: 0/7
    98 | D:2      | Noticed Jessica
   129 | D:3      | Reached XP level 3. HP: 26/26 MP: 5/8
   131 | D:3      | Reached skill level 5 in Necromancy
   191 | D:3      | Slain by an orc

Illustrated notes

Levels and vault maps discovered:
D:1:      heliophobic_arrival_glass_houses, layout_basic
D:2:      layout_rooms, shapermc_ecumenical_altar_flowoftime,
          nicolae_elevator_lobby_asterisk, uniq_jessica
D:3:      layout_rooms, ebering_ghost_inner_flame, minmay_pentomino_pile,
          uniq_natasha

Skill      XL: |  1  2  3 |
---------------+----------+-----
Spellcasting   | 3 |  3.4
Necromancy     | 5 |  5.0
Dodging        | |  2.4
Stealth        | |  1.4

Action                     || total
---------------------------++-------
  Melee: Hand axe          ||     5
   Cast: Necrotise         ||    29
 Armour: Robe              ||     1
  Dodge: Dodged            ||     5

Table legend: (Time is in decaauts)
 A = Elapsed time spent in this place.
 B = Non-inter-level travel time spent in this place.
 C = Inter-level travel time spent in this place.
 D = Time resting spent in this place.
 E = Time spent auto-exploring this place.
 F = Levels seen in this place.
 G = Mean time per level.
                   A        B        C        D        E       F      G
               +--------+--------+--------+--------+--------+-----+--------+
         Total |    191 |    191 |      0 |      0 |      0 |   3 |   63.7 |
       Dungeon |    191 |    191 |      0 |      0 |      0 |   3 |   63.7 |
               +--------+--------+--------+--------+--------+-----+--------+

Top non-repeatable levels by time:
     D:3: 79 daAuts
     D:1: 68 daAuts
     D:2: 43 daAuts
